 Dungeon Crawl Stone Soup version 0.17.1-3-g152610e (console) character file.

189 Sehdowjr the Conjurer (level 5, -8/28 HPs)
             Began as a Deep Elf Conjurer on Mar 30, 2016.
             Mangled by an orc warrior
             ... wielding a +0 dire flail
              (9 damage)
             ... on level 3 of the Dungeon.
             The game lasted 00:16:40 (2277 turns).

Sehdowjr the Conjurer (Deep Elf Conjurer)           Turns: 2277, Time: 00:16:40

Health: -8/28      AC:  2    Str:  5    XL:     5   Next: 40%
Magic:  0/14       EV: 13    Int: 21    God:
Gold:   98         SH:  0    Dex: 15    Spells: 4 memorised, 4 levels left

rFire  . . .     SeeInvis .     (no weapon)
rCold  . . .     Clarity  .     a - +0 robe
rNeg   . . .     SustAt   .     (no shield)
rPois  .         Gourm    .     (no helmet)
rElec  .         Spirit   .     (no cloak)
rCorr  .         Warding  .     (no gloves)
rMut   .         Stasis   .     (no boots)
MR     .....                    (no amulet)
Stlth  ++........               (no ring)
                                (no ring)

@: flying, not resistant to hostile enchantments, unstealthy
A: no striking features
a: no special abilities


You were on level 3 of the Dungeon.
You were not hungry.

You visited 1 branch of the dungeon, and saw 3 of its levels.

You collected 98 gold pieces.

Inventory:

Armour
 a - a +0 robe (worn)
Jewellery
 m - an uncursed amulet of resist corrosion {unknown}
 n - an uncursed amulet of guardian spirit {unknown}
Wands
 e - a wand of fire (5)
Scrolls
 d - 3 scrolls of fog {unknown}
 f - 2 scrolls of immolation {unknown}
 g - a scroll of enchant weapon {unknown}
 h - 2 scrolls of teleportation {unknown}
 i - a scroll of random uselessness {unknown}
 k - 2 scrolls of identify {unknown}
 l - 2 scrolls of remove curse {unknown}
 p - a scroll of fear {unknown}
Potions
 q - a potion of lignification {unknown}
Books
 b - a book of Conjurations

   Spells                             Type                      Level
   a - Magic Dart                     Conjuration                  1
   b - Searing Ray                    Conjuration                  2
   c - Dazzling Spray                 Conjuration/Hexes            3
   d - Fulminant Prism                Conjuration/Hexes            4
   e - Iskenderun's Mystic Blast      Conjuration                  4
   f - Iskenderun's Battlesphere      Conjuration/Charms           5
Comestibles
 c - 4 bread rations
 j - 2 fruits


   Skills:
 - Level 0.1 Fighting
 - Level 2.8 Dodging
 - Level 3.2 Stealth
 + Level 5.3 Spellcasting
 + Level 5.9 Conjurations


You had 4 spell levels left.
You knew the following spells:

 Your Spells              Type           Power        Failure   Level  Hunger
a - Magic Dart            Conj           ####         1%          1    None
b - Dazzling Spray        Conj/Hex       ###.....     12%         3    ##.....
c - Searing Ray           Conj           ####..       1%          2    None
x - Iskenderun's Mystic   Conj           ####....     12%         4    ####...


Dungeon Overview and Level Annotations

Branches:
Dungeon (3/15)

Altars:
Gozag
Zin


Message History

Aiming: Magic Dart
Press: ? - help, Shift-Dir - straight line, f/p - orc warrior
Aim: an orc warrior, wielding a dire flail and wearing a plate armour (heavily wounded)
The magic dart hits the orc warrior.
The orc warrior is heavily wounded.
The orc wizard casts a spell.
The orc wizard flickers and vanishes!
Deactivating autopickup; reactivate with Ctrl-A.
The orc warrior hits you with a dire flail!!
Ouch! That really hurt!
* * * LOW HITPOINT WARNING * * *
Drink which item? (? for menu, Esc to quit)
It was a potion of flight.
You feel very buoyant.
You fly up into the air.
The orc shouts!
Drink which item? (? for menu, Esc to quit)
You can't drink that!
The orc warrior hits you with a dire flail!
You die...

##.# #.......# #...
#.#####o########...#####
#.....#.# #......... ##
##....#.# ......######
.# #....#.# ..... .#
##.###.# .... .# #...#.#
... .# #.).#o# .[ .#
#...#@# . .# ##'##.# .#
#.##.# ## #.##.# #..#.#
##.#.# #...# ##..#
#.>###


You could see an orc warrior and an orc.

Vanquished Creatures
  A centaur skeleton (D:3)
  8 adders
  3 oozes
  A worm (D:3)
  A giant gecko (D:2)
  6 orcs (D:3)
  5 giant cockroaches
  7 hobgoblins
  10 kobolds
  6 bats
  A giant gecko skeleton (D:3)
  5 giant newts
  5 goblins
  8 rats
67 creatures vanquished.

Notes
Turn   | Place    | Note
--------------------------------------------------------------
     0 | D:1      | Sehdowjr the Deep Elf Conjurer began the quest for the Orb.
     0 | D:1      | Reached XP level 1. HP: 10/10 MP: 6/6
   175 | D:1      | Reached XP level 2. HP: 15/15 MP: 4/8
   448 | D:1      | Reached skill level 5 in Conjurations
   489 | D:1      | Reached XP level 3. HP: 19/19 MP: 1/10
  1111 | D:2      | Found a glowing silver altar of Zin.
  1111 | D:2      | Found an opulent altar of Gozag.
  1255 | D:2      | Reached XP level 4. HP: 24/24 MP: 7/12
  1603 | D:3      | Learned a level 2 spell: Searing Ray
  1691 | D:3      | HP: 1/24 [centaur skeleton (8)]
  1698 | D:3      | Reached skill level 5 in Spellcasting
  1698 | D:3      | Reached XP level 5. HP: 19/28 MP: 0/14
  2112 | D:3      | Learned a level 4 spell: Iskenderun's Mystic Blast
  2116 | D:3      | Learned a level 3 spell: Dazzling Spray
  2208 | D:3      | Noticed an orc warrior
  2219 | D:3      | HP: 1/28 [kobold (3)]
  2275 | D:3      | HP: 1/28 [orc warrior/dire flail (24)]
  2277 | D:3      | Mangled by an orc warrior

Action                   |  1- 3 |  4- 6 || total
-------------------------+-------+-------++-------
Melee: Unarmed           |       |     2 ||     2
 Cast: Magic Dart        |    75 |    84 ||   159
       Searing Ray       |       |     3 ||     3
       Iskenderun's Myst |       |     2 ||     2
  Use: Potion            |       |     3 ||     3
  Eat: Chunk             |       |     4 ||     4
